 Dungeon Crawl Stone Soup version 0.18.1-6-gd335043 (webtiles) character file.

2895 Mefis the Magician (level 9, -7/45 HPs)
             Began as a Deep Elf Wizard on May 20, 2016.
             Was an Initiate of Sif Muna.
             Mangled by a shadow (33 damage)
             ... summoned by the anger of Yredelemnul
             ... on level 8 of the Dungeon.
             The game lasted 00:35:43 (11658 turns).

Mefis the Magician (Deep Elf Wizard)               Turns: 11658, Time: 00:35:43

Health: -7/45      AC:  9    Str:  4    XL:     9   Next: 49%
Magic:  25/30      EV: 10    Int: 27    God:    Sif Muna [......]
Gold:   439        SH:  5    Dex: 13    Spells: 8 memorised, 2 levels left

rFire  . . .     SeeInvis .     D - +2 flail (protect)
rCold  . . .     Gourm    .     m - +0 robe {MR+}
rNeg   . . .     Faith    .     (no shield)
rPois  .         Spirit   .     b - +0 hat
rElec  .         Dismiss  .     (no cloak)
rCorr  .         Reflect  +     W - +0 pair of gloves
SustAt .         Harm     .     j - +0 pair of boots
MR     ++...                    h - +5 amulet of reflection
Stlth  +++.......               G - ring of magical power
                                y - ring of protection from magic

@: repel missiles, very resistant to hostile enchantments, fairly stealthy
A: no striking features
a: Renounce Religion


You were on level 8 of the Dungeon.
You worshipped Sif Muna.
Sif Muna was noncommittal.
You were not hungry.

You visited 2 branches of the dungeon, and saw 9 of its levels.

You collected 439 gold pieces.

Inventory:

Hand Weapons
 q - a +0 dagger
 r - a +0 hand crossbow
 D - a +2 flail of protection (weapon)
 V - a +0 shortbow
 Y - a cursed -2 longbow
Missiles
 a - a throwing net
 e - 49 poisoned needles
 w - 33 bolts
 z - 132 arrows
 S - 8 tomahawks (quivered)
Armour
 b - a +0 hat (worn)
 j - a +0 pair of boots (worn)
 m - a +0 robe of magic resistance (worn)
 W - a +0 pair of gloves (worn)
Jewellery
 h - a +5 amulet of reflection (around neck)
 y - a ring of protection from magic (left hand)
 G - a ring of magical power (right hand)
Wands
 C - a wand of digging (15/24)
 K - a wand of slowing (33/48)
 P - a wand of random effects (19/48)
 T - a wand of acid (7/15)
 Z - a wand of slowing (26/48)
Scrolls
 f - 3 scrolls of random uselessness
 i - 2 scrolls of magic mapping
 l - a scroll of amnesia {unknown}
 o - a scroll of fog {unknown}
 p - 4 scrolls of teleportation
 s - 3 scrolls of noise {unknown}
 x - 2 scrolls of enchant armour {unknown}
 B - a scroll of blinking {unknown}
 L - 2 scrolls of brand weapon {unknown}
 M - 6 scrolls of remove curse
 R - a scroll of enchant weapon {unknown}
Potions
 g - a potion of haste {unknown}
 k - 2 potions of mutation
 n - 4 potions of curing
 t - a potion of lignification {unknown}
 u - a potion of magic {unknown}
 v - 2 potions of berserk rage {unknown}
 A - 2 potions of might
 F - a potion of brilliance {unknown}
 H - 5 potions of cancellation
 I - a potion of beneficial mutation {unknown}
 N - a potion of heal wounds {unknown}
 O - a potion of agility {unknown}
 U - a potion of cure mutation {unknown}
Books
 c - a book of Minor Magic

   Spells                             Type                      Level
   a - Magic Dart                     Conjuration                  1
   b - Blink                          Translocation                2
   c - Call Imp                       Summoning                    2
   d - Repel Missiles                 Charms/Air                   2
   e - Slow                           Hexes                        2
   f - Conjure Flame                  Conjuration/Fire             3
   g - Mephitic Cloud                 Conjuration/Poison/Air       3
 X - a book of Power

   Spells                             Type                      Level
   a - Fulminant Prism                Conjuration/Hexes            4
   b - Iskenderun's Mystic Blast      Conjuration                  4
   c - Venom Bolt                     Conjuration/Poison           5
   d - Bolt of Magma                  Conjuration/Fire/Earth       5
   e - Iron Shot                      Conjuration/Earth            6
   f - Orb of Destruction             Conjuration                  7
   g - Spellforged Servitor           Conjuration/Summoning        7
Comestibles
 d - a bread ration
 J - 6 fruits
 Q - a beef jerky


   Skills:
 + Level 5.8 Dodging
 + Level 6.2 Stealth
 + Level 6.7 Spellcasting
 * Level 5.9 Conjurations
 - Level 3.6 Hexes
 - Level 4.1 Summonings
 - Level 1.1 Translocations
 - Level 3.1 Fire Magic
 * Level 6.5 Poison Magic
 + Level 4.3 Invocations


You had 2 spell levels left.
You knew the following spells:

 Your Spells              Type           Power        Failure   Level  Hunger
a - Magic Dart            Conj           ####         1%          1    None
b - Call Imp              Summ           ####....     1%          2    None
c - Blink                 Tloc           N/A          8%          2    None
d - Repel Missiles        Chrm/Air       #.....       12%         2    None
e - Mephitic Cloud        Conj/Pois/Air  ####....     3%          3    None
f - Conjure Flame         Conj/Fire      ####....     2%          3    None
g - Slow                  Hex            ####....     1%          2    None
s - Fulminant Prism       Conj/Hex       #####.....   10%         4    ###....


Dungeon Overview and Level Annotations

Branches:
Dungeon (8/15)             Temple (1/1) D:7
   Lair: D:8-11

Altars:
Ashenzari
Cheibriados
Dithmenos
Elyvilon
Fedhas
Gozag
Kikubaaqudgha
Makhleb
Nemelex Xobeh
Okawaru
Pakellas
Qazlal
Ru
Sif Muna
Trog
Vehumet
Xom
Yredelemnul
Zin
The Shining One

Annotations:
D:5 Lovchig's ghost, novice MiFi


Message History

Aim: a shadow (heavily damaged, summoned)
The magic dart hits the shadow.
The shadow is severely damaged.
The shadow hits you! The shadow barely misses you.
Casting: Magic Dart
Confirm with . or Enter, or press ? or * to list all spells.
Aiming: Magic Dart
Press: ? - help, Shift-Dir - straight line, f/p - shadow
Aim: a shadow (severely damaged, summoned)
The magic dart hits the shadow.
The shadow is severely damaged.
You block the shadow's attack.
The shadow slips into darkness.
The shadow flickers and vanishes!
Deactivating autopickup; reactivate with Ctrl-A.
The shadow slips into darkness.
The shadow flickers and vanishes!
The shadow strikes at you from the darkness!
Ouch! That really hurt!
You die...

#.##..##.# # # #.
#.#..###.# # #.#.
#.#.## #.### #.#.
#....# #.##. #...
###..###....
#..######.....##...#
#...............#..
##.###.....).......
#.@{...##.....####.
#.....{..###...รท......
#####.##...#.....####.
#............# )
#.####.......# #.#
#..#.##..# ..#
##.#.###..# ### #...#
#.#. ###.###....


There were no monsters in sight!

Vanquished Creatures
  Menkaure (D:6)
  A black bear (D:6)
  An orc warrior (D:7)
  2 phantoms
  2 ice beasts
  4 ogres
  A sky beast (D:8)
  2 centaurs
  4 giant frogs
  3 scorpions
  5 wights (D:6)
  2 howler monkeys
  A crimson imp (D:5)
  5 hounds
  A giant frog zombie (D:5)
  A jelly (D:6)
  A centaur skeleton (D:5)
  2 orc wizards
  8 orc priests
  A giant frog skeleton (D:8)
  Jessica (D:2)
  Ijyb (D:2)
  5 worker ants
  A worker ant zombie (D:5)
  6 adders
  A shadow imp (D:8)
  2 oozes
  An adder skeleton (D:4)
  A worm (D:3)
  3 dart slugs
  4 giant geckos
  23 orcs
  5 giant cockroaches
  8 goblins
  9 hobgoblins
  8 jackals
  2 quokkas
  A ball python (D:8)
  4 bats
  A giant gecko zombie (D:5)
  4 giant newts
  5 kobolds
  A quokka skeleton (D:5)
  A quokka zombie (D:5)
  7 rats
153 creatures vanquished.

Vanquished Creatures (collateral kills)
  2 orc priests (D:4)
  Terence (D:2)
  An orc wizard (D:3)
  An adder (D:2)
  2 worms (D:2)
  A dart slug (D:2)
  2 giant geckos
  An orc (D:7)
  A giant cockroach (D:3)
  2 goblins (D:2)
  2 hobgoblins (D:3)
  A quokka (D:3)
  A bat (D:2)
18 creatures vanquished.

Vanquished Creatures (others)
  A giant frog zombie (D:6)
  A scorpion zombie (D:6)
  A worm zombie (D:3)
  An adder zombie (D:4)
  An orc zombie (D:3)
  A bat zombie (D:3)
  A kobold (D:1)
  A jackal zombie (D:3)
  A quokka zombie (D:3)
  A rat (D:2)
  5 fulminant prisms (D:8)
  A plant (D:5)
  2 withered plants (D:5)
18 creatures vanquished.

Grand Total: 189 creatures vanquished

Notes
Turn   | Place    | Note
--------------------------------------------------------------
     0 | D:1      | Mefis the Deep Elf Wizard began the quest for the Orb.
     0 | D:1      | Reached XP level 1. HP: 10/10 MP: 7/7
   214 | D:1      | Reached XP level 2. HP: 15/15 MP: 1/9
   274 | D:1      | Learned a level 2 spell: Call Imp
   277 | D:1      | Learned a level 2 spell: Blink
   280 | D:1      | Learned a level 2 spell: Repel Missiles
   971 | D:2      | Noticed Jessica
   977 | D:2      | Killed Jessica
   977 | D:2      | Reached XP level 3. HP: 17/19 MP: 3/11
   986 | D:2      | Learned a level 3 spell: Mephitic Cloud
  1137 | D:2      | Reached XP level 4. HP: 24/24 MP: 1/12
  1255 | D:2      | Reached skill level 1 in Poison Magic
  1301 | D:2      | Noticed Terence
  1541 | D:2      | Found a stormy altar of Qazlal.
  1744 | D:2      | Noticed Ijyb
  1756 | D:2      | Killed Ijyb
  1756 | D:2      | Reached skill level 5 in Spellcasting
  2089 | D:2      | Found a faded altar to an unknown god.
  2168 | D:2      | Became a worshipper of Yredelemnul the Dark
  2168 | D:2      | Reached * piety under Yredelemnul
  2743 | D:3      | Reached XP level 5. HP: 28/28 MP: 5/14
  3113 | D:3      | Found a bloodstained altar of Trog.
  3292 | D:2      | Killed Terence
  3543 | D:3      | Found an opulent altar of Gozag.
  3544 | D:3      | Found a sparkling altar of Nemelex Xobeh.
  4001 | D:3      | Reached ** piety under Yredelemnul
  4270 | D:3      | Reached XP level 6. HP: 32/32 MP: 12/16
  4442 | D:4      | Found a shattered altar of Ashenzari.
  4709 | D:4      | Reached skill level 1 in Invocations
  5155 | D:4      | Reached XP level 7. HP: 36/36 MP: 12/17
  5160 | D:4      | Learned a level 3 spell: Conjure Flame
  5163 | D:4      | Learned a level 2 spell: Slow
  5672 | D:4      | Reached skill level 1 in Hexes
  5672 | D:4      | Reached skill level 1 in Fire Magic
  5824 | D:5      | Entered Level 5 of the Dungeon
  6131 | D:5      | Noticed Lovchig's ghost (novice MiFi)
  6132 | D:5      | Found a blossoming altar of Fedhas.
  6202 | D:5      | Reached XP level 8. HP: 41/41 MP: 8/18
  6254 | D:5      | Reached skill level 5 in Stealth
  6317 | D:5      | Found an ancient bone altar of Kikubaaqudgha.
  6818 | D:6      | Noticed Menkaure
  6828 | D:6      | Killed Menkaure
  7180 | D:6      | Reached skill level 5 in Poison Magic
  7615 | D:6      | Found a burning altar of Makhleb.
  7649 | D:6      | Reached skill level 5 in Dodging
  8281 | D:6      | Reached skill level 5 in Conjurations
  8831 | D:6      | Reached XP level 9. HP: 45/45 MP: 8/20
  9317 | D:6      | Found a glowing silver altar of Zin.
  9317 | D:6      | Found an iron altar of Okawaru.
  9350 | D:7      | Learned a level 4 spell: Fulminant Prism
  9453 | D:7      | Found a staircase to the Ecumenical Temple.
  9462 | Temple   | Entered the Ecumenical Temple
  9544 | Temple   | Fell from the grace of Yredelemnul
  9544 | Temple   | Became a worshipper of Sif Muna the Loreminder
 11658 | D:8      | Mangled by a shadow

Skill      XL: |  1  2  3  4  5  6  7  8  9 |
---------------+----------------------------+-----
Stealth        | 3 4 5 6 |  6.2
Dodging        | 3 4 5 |  5.8
Conjurations   | 2 3 4 5 |  5.9
Poison Magic   | 2 3 4 5 6 |  6.5
Spellcasting   | 5 6 |  6.7
Summonings     | 2 3 4 |  4.1
Invocations    | 1 2 3 4 |  4.3
Hexes          | 1 3 |  3.6
Fire Magic     | 1 3 |  3.1
Translocations | |  1.1

Action                   |  1- 3 |  4- 6 |  7- 9 || total
-------------------------+-------+-------+-------++-------
Melee: Unarmed           |     4 |       |       ||     4
       Dagger            |       |    17 |       ||    17
       Flail             |       |     6 |    30 ||    36
Throw: Tomahawk          |       |       |    10 ||    10
       Throwing net      |       |       |     2 ||     2
 Cast: Magic Dart        |    67 |   191 |   333 ||   591
       Repel Missiles    |     1 |     1 |       ||     2
       Call Imp          |       |    10 |     5 ||    15
       Mephitic Cloud    |       |    10 |    22 ||    32
       Blink             |       |     1 |     2 ||     3
       Conjure Flame     |       |       |    13 ||    13
       Fulminant Prism   |       |       |     5 ||     5
Invok: Animate Remains   |       |     8 |     9 ||    17
Evoke: Wand              |       |       |     3 ||     3
  Use: Scroll            |       |       |     9 ||     9
 Stab: Sleeping          |       |     2 |     2 ||     4
  Eat: Chunk             |       |    14 |    13 ||    27
       Bread ration      |       |       |     2 ||     2
Armor: Robe              |     1 |    30 |    30 ||    61
Dodge: Dodged            |     9 |    59 |    80 ||   148
       Deflected         |       |     1 |     1 ||     2
Block: Other             |     4 |    23 |    28 ||    55
       Reflection        |     1 |     2 |     3 ||     6
